 Dungeon Crawl Stone Soup version 0.29.1-14-g9c671dbff4 (webtiles) character file.

Game seed: 13629973913143440919

5 KyoPewz the Vexing (level 1, -1/7 HPs)
             Began as a Felid Enchanter on Feb 18, 2023.
             Frozen to death by an endoplasm (5 damage)
             ... on level 1 of the Dungeon.
             The game lasted 00:00:56 (48 turns).

KyoPewz the Vexing (Felid Enchanter)                  Turns: 48, Time: 00:00:57

Health: -1/7       AC:  1    Str:  4    XL:     1   Next: 66%
Magic:  4/4        EV: 17    Int: 16    God:
Gold:   28         SH:  0    Dex: 16    Spells: 4/4 levels left
                                        Lives:  0   Deaths: 0

rFire   . . .      SeeInvis +     - Unarmed
rCold   . . .      Faith    .   (shield unavailable)
rNeg    . . .      Spirit   .   (body armour unavailable)
rPois   .          Reflect  .   (helmet unavailable)
rElec   .          Harm     .   (cloak unavailable)
rCorr   .          Rampage  .   (gloves unavailable)
Will    .....                   (boots unavailable)
Stlth   +++.......              (no amulet)
HPRegen 0.02/turn               (no ring)
MPRegen 0.09/turn               (no ring)

@: quick
A: very small, claws 1, fangs 3, see invisible, speed 1, shaggy fur 1, stealthy
paws, no weapons or thrown items, no armour, multi-lived
a: no special abilities


You were on level 1 of the Dungeon.
You visited 1 branch of the dungeon, and saw 1 of its levels.

You collected 28 gold pieces.

Inventory:

Scrolls
 b - a scroll of enchant weapon {unknown}
Potions
 a - 2 potions of invisibility


   Skills:
 - Level 2.6 Dodging
 + Level 4.2 Stealth
 * Level 1.5 Unarmed Combat
 - Level 2.0 Spellcasting
 - Level 4.4 Hexes


You had 4 spell levels left.
You didn't know any spells.
Your spell library contained the following spells:

 Spells                   Type           Power      Damage    Failure   Level
 Confusing Touch          Hex            15%        N/A       11%         3
 Tukima's Dance           Hex            15%        N/A       11%         3
 Ensorcelled Hibernation  Hex/Ice        16%        N/A       13%         2
 Dazzling Flash           Conj/Hex       16%        N/A       26%         3


Dungeon Overview and Level Annotations

Branches:
Dungeon (1/15)

Altars:


Innate Abilities, Weirdness & Mutations

You have sharp claws.
You have razor-sharp teeth.
You have supernaturally acute eyesight. (SInv)
You cover ground quickly. (Speed+)
You are covered in fur. (AC +1)
Your paws help you pounce on unaware monsters.
You are incapable of wielding weapons or throwing items.
You cannot wear armour.
You gain extra lives every three experience levels.


Message History

The jackal misses you.
The endoplasm quivers.
The jackal barks!
You scratch the jackal but do no damage.
The jackal barely misses you.
You closely miss the jackal. You bite the jackal, but do no damage.
The jackal completely misses you.
You scratch the jackal.
The jackal is lightly wounded.
The jackal misses you. The jackal closely misses you.
You scratch the jackal but do no damage.
The jackal misses you.
You scratch the jackal.
The jackal is heavily wounded.
The jackal bites you.
You barely miss the jackal.
The jackal is heavily wounded.
The jackal misses you. The jackal closely misses you.
Press: ? - help, v - describe, . - travel
Here: a jackal (heavily wounded)
The floor, spattered with blood.
Unknown command.
You scratch the jackal.
You kill the jackal!
The jackal closely misses you.
You scratch the jackal. Your claw misses the jackal. You bite the jackal.
The jackal is heavily wounded.
The jackal bites you.
You scratch the jackal.
You kill the jackal!
Press: ? - help, v - describe, . - travel
Here: an endoplasm The floor.
You scratch the endoplasm but do no damage.
The endoplasm closely misses you.
You barely miss the endoplasm. The endoplasm freezes you.
You are frozen.
Ouch! That really hurt!
You die...

#.##...#.......
#.#......#....#
#.##.......#...
#.#..........#.
#.##...........
#$..#.#.#.#.
#.#.#######
#.########.).#
.....hJ@....##
.#########?##
#$# ... #####


You could see an endoplasm and a jackal.

Vanquished Creatures
  A goblin (D:1)
  3 jackals (D:1)
4 creatures vanquished.

Notes
Turn   | Place    | Note
-------+----------+-------------------------------------------
     0 | D:1      | KyoPewz the Felid Enchanter began the quest for the Orb.
     0 | D:1      | Reached XP level 1. HP: 7/7 MP: 4/4
    48 | D:1      | Frozen to death by an endoplasm

Illustrated notes

Levels and vault maps discovered:
D:1:      co_arrival_square_in_a_square_in_a_square, layout_loops_ring,
          minmay_distorted

Action                   || total
-------------------------++-------
Melee: Unarmed           ||    13
       Bite              ||     2
 Stab: Sleeping          ||     2
Dodge: Dodged            ||    10
